Map: Ulrena

Players

ClemsouZ

  • Race: Protoss Protoss
  • League: Silver
  • Spawn Location: 7:00

zidar - Winner!

  • Race: Zerg Zerg
  • League: Gold
  • Spawn Location: 11:00

VOD

Have the link to the VOD?

Description

Time

  • Played on: May 14, 2016, 11:20 a.m.
  • Length: 5:32
Show
View Real Time Build Order
Export as new Build Order

ClemsouZ Protoss 

Build Orders: 1 Gate Expand 

Get SALT Encoding   

  12  0:01  Probe (Chrono Boost)  
  13  0:14  Pylon  
  13  0:18  Probe (Chrono Boost)  
  15  0:28  Probe (Chrono Boost)  
  15  0:36  Gateway  
  15  0:39  Probe (Chrono Boost)  
  16  0:49  Probe (Chrono Boost)  
  17  0:50  Assimilator  
  17  1:00  Probe (Chrono Boost)  
  18  1:14  Probe (Chrono Boost)  
  19  1:30  Nexus  
  19  1:32  Pylon  
  19  1:34  Probe (Chrono Boost)  
  20  1:44  Cybernetics Core  
  21  1:47  Probe (Chrono Boost)  
  21  1:53  Assimilator  
  21  1:57  Probe (Chrono Boost)  
  22  2:08  Probe (Chrono Boost)  
  23  2:20  Mothership Core (Chrono Boost)  
  25  2:31  Robotics Facility  
  25  2:41  Probe (Chrono Boost)  
  28  2:48  Stalker (Chrono Boost)  
  28  2:51  Probe, Warp Gate  
  28  2:53  Probe  
  29  3:12  Gateway  
  29  3:18  Pylon  
  29  3:25  Gateway  
  29  3:26  Probe  
  29  3:27  Probe  
  29  4:00  Adept (Chrono Boost)  
  16  4:24  Adept (Chrono Boost)  
  7  4:40  Probe  
  7  4:41  Probe  
  9  4:54  Probe  
  9  4:55  Probe  
  11  5:02  Observer, Pylon  
  11  5:04  Probe  
  12  5:07  Probe  
  13  5:15  Probe  
Show
View Real Time Build Order
Export as new Build Order

zidar Zerg - Winner!

Build Orders: Pool First 

Get SALT Encoding   

  12  0:01  Drone  
  13  0:12  Overlord  
  13  0:17  Drone  
  14  0:30  Drone x2  
  14  0:34  Drone  
  17  0:48  Spawning Pool  
  17  0:49  Drone  
  17  0:55  Drone  
  18  1:16  Hatchery, Drone  
  18  1:20  Extractor  
  18  1:21  Drone  
  18  1:39  Queen  
  18  1:42  Overlord  
  18  1:43  Drone  
  21  1:53  Zergling x2  
  22  2:07  Zergling x2  
  23  2:21  Metabolic Boost  
  23  2:24  Zergling x4  
  25  2:31  Zergling x2  
  26  2:38  Queen  
  26  2:41  Overlord  
  26  2:43  Zergling x2  
  29  2:50  Zergling x2  
  30  2:52  Zergling x8  
  34  3:22  Zergling x10  
  39  3:31  Drone x4  
  36  4:04  Overlord  
  36  4:05  Overlord x2  
  33  4:22  Zergling x8  
  33  4:23  Zergling x8  
  38  4:44  Zergling x2  
  38  4:45  Zergling x6  
  39  5:04  Hatchery  
  38  5:13  Drone x4  
Tags
 
Add a new tag
Caveats
  • Supply blocks, unpowered buildings, or Contaminate may cause inaccurate times.
  • Supply counts are checked every 10 seconds.